Map: [ESL] Ancient Cistern

Players

Wayne

  • Race: Zerg Zerg
  • Spawn Location: 7:00

Clem - Winner!

  • Race: Terran Terran
  • Spawn Location: 1:00

Event: ESL SC2 Masters 2023 Summer (Regionals)

VOD

Have the link to the VOD?

Description

Time

  • Played on: May 17, 2023, 12:09 p.m.
  • Length: 8:54

All games in this series

Show
View Real Time Build Order
Export as new Build Order

Wayne Zerg 

Build Orders: Hatch First 

Get SALT Encoding   

  12  0:00  Drone  
  13  0:11  Overlord  
  13  0:16  Drone  
  14  0:30  Drone x2  
  16  0:47  Hatchery  
  15  0:50  Drone  
  15  0:53  Drone  
  15  0:56  Drone  
  18  1:07  Extractor  
  17  1:12  Spawning Pool  
  17  1:15  Drone  
  17  1:18  Drone  
  18  1:27  Drone  
  19  1:38  Drone  
  20  1:48  Drone  
  21  1:58  Queen  
  21  1:59  Queen, Zergling x4  
  27  2:11  Overlord  
  27  2:12  Drone  
  27  2:13  Metabolic Boost  
  28  2:26  Hatchery  
  27  2:30  Drone  
  27  2:33  Drone  
  29  2:37  Drone x2  
  29  2:43  Queen  
  32  2:48  Overlord  
  32  2:51  Drone  
  33  2:54  Drone  
  33  2:55  Drone  
  35  3:06  Queen  
  35  3:09  Drone  
  35  3:10  Drone x2  
  40  3:16  Overlord, Drone  
  40  3:19  Queen  
  43  3:35  Zergling x2  
  43  3:38  Drone x5  
  43  3:40  Queen  
  50  3:44  Zergling x2  
  50  3:46  Overlord  
  51  3:49  Drone x2  
  51  3:54  Zergling x8  
  57  3:58  Overlord  
  57  4:00  Drone  
  56  4:07  Queen  
  58  4:12  Drone  
  58  4:13  Drone x2  
  60  4:18  Overlord  
  60  4:20  Drone x3  
  63  4:27  Lair  
  63  4:29  Spore Crawler  
  62  4:32  Spore Crawler x2  
  62  4:35  Drone x3  
  63  4:39  Drone x3  
  66  4:47  Drone  
  66  4:49  Drone x4  
  66  4:50  Baneling Nest  
  70  4:54  Overlord  
  70  4:58  Drone x2, Extractor  
  70  4:59  Extractor  
  70  5:03  Drone  
  70  5:04  Drone x3  
  74  5:13  Drone, Hatchery  
  74  5:19  Drone x2  
  74  5:20  Evolution Chamber  
  74  5:21  Evolution Chamber  
  74  5:22  Drone x2  
  74  5:25  Overseer  
  76  5:29  Overlord  
  76  5:30  Zergling x8  
  76  5:33  Overlord  
  80  5:39  Overlord  
  80  5:43  Evolution Chamber  
  80  5:46  Zerg Melee Weapons Level 1, Zerg Ground Armor Level 1  
  80  5:48  Drone  
  80  5:49  Drone x3, Extractor  
  83  5:50  Extractor  
  83  5:54  Drone x5  
  87  6:03  Zergling x16  
  95  6:08  Overlord  
  95  6:10  Evolution Chamber, Zergling x4  
  96  6:15  Zergling x2  
  96  6:16  Zergling x2  
  91  6:20  Zergling x2  
  91  6:24  Hydralisk Den  
  91  6:30  Drone x7  
  98  6:39  Drone  
  102  6:40  Zergling x14  
  102  6:43  Baneling x7  
  105  6:53  Overlord  
  104  6:56  Zergling x8  
  104  6:58  Muscular Augments  
  104  6:59  Zergling x4  
  104  7:00  Baneling, Zergling x6  
  104  7:01  Baneling x9  
  110  7:02  Overlord  
  110  7:03  Zergling x2  
  110  7:07  Overlord  
  111  7:12  Spore Crawler  
  111  7:14  Zergling x14  
  116  7:24  Zergling x8  
  116  7:29  Overlord  
  120  7:33  Hydralisk x7  
  134  7:39  Overlord  
  134  7:40  Hatchery  
  130  7:49  Zergling x8  
  130  7:50  Zergling x8  
  120  7:55  Zergling x10  
  112  8:00  Hydralisk x3  
  112  8:03  Baneling x7  
  109  8:05  Zergling x2  
  109  8:06  Zergling x6  
  109  8:08  Zergling x8  
  109  8:15  Zergling x6  
  108  8:20  Zergling x6  
  108  8:25  Zergling x2  
  115  8:33  Zergling x12  
  115  8:34  Zergling x2  
  103  8:37  Zergling x2  
Show
View Real Time Build Order
Export as new Build Order

Clem Terran - Winner!

Build Orders: Reaper Expand, Hellion Banshee 

Get SALT Encoding   

  12  0:00  SCV  
  13  0:12  SCV  
  14  0:17  Supply Depot  
  14  0:24  SCV  
  15  0:38  SCV  
  15  0:40  Barracks  
  15  0:42  Refinery  
  16  0:50  SCV  
  17  1:02  SCV  
  18  1:14  SCV  
  19  1:26  Reaper  
  19  1:27  Orbital Command  
  20  1:38  Command Center  
  20  1:46  Supply Depot  
  20  1:52  SCV  
  21  1:58  Marine  
  22  2:04  SCV  
  23  2:10  Factory  
  23  2:16  SCV  
  23  2:18  Refinery  
  23  2:19  Barracks Reactor  
  24  2:28  SCV  
  25  2:40  SCV  
  26  2:50  Orbital Command  
  26  2:52  SCV  
  26  2:55  Starport  
  27  3:01  Hellion x2  
  27  3:03  Barracks Tech Lab  
  27  3:04  SCV  
  32  3:12  Supply Depot  
  32  3:15  SCV  
  32  3:17  SCV  
  34  3:22  Hellion x2  
  38  3:27  SCV  
  38  3:29  SCV  
  40  3:38  Banshee  
  40  3:39  SCV  
  40  3:41  SCV  
  45  3:43  Cloaking Field  
  45  3:45  Supply Depot  
  45  3:48  Hellion x2  
  49  3:52  SCV  
  48  3:56  Barracks Tech Lab  
  48  3:57  SCV  
  47  4:05  SCV  
  47  4:07  Supply Depot  
  47  4:09  SCV, Hellion x2  
  52  4:15  Stimpack  
  52  4:20  SCV  
  52  4:21  SCV  
  50  4:24  Banshee  
  50  4:31  Command Center  
  53  4:33  SCV  
  53  4:34  SCV  
  55  4:41  Marine  
  55  4:42  Factory Reactor  
  55  4:44  Barracks  
  56  4:45  SCV  
  56  4:46  SCV  
  56  4:48  Barracks  
  58  4:54  Supply Depot  
  58  4:57  SCV  
  58  4:58  SCV  
  58  4:59  Engineering Bay  
  60  5:01  Engineering Bay  
  60  5:04  Marine  
  61  5:10  SCV x2  
  61  5:11  Refinery  
  61  5:13  Refinery  
  63  5:17  Starport Reactor  
  63  5:20  Supply Depot  
  63  5:22  SCV, Marine  
  63  5:26  Terran Infantry Weapons Level 1  
  65  5:29  Terran Infantry Armor Level 1  
  65  5:31  SCV, Marine x2  
  68  5:37  SCV  
  68  5:41  Siege Tank  
  68  5:42  Marine  
  73  5:43  Marine  
  73  5:45  Marine, Orbital Command  
  73  5:46  SCV  
  73  5:48  Marine  
  77  5:50  Marine  
  77  5:51  SCV  
  77  5:54  Medivac  
  81  5:57  Medivac  
  81  5:58  SCV  
  81  6:00  Marine  
  81  6:03  Marine  
  86  6:04  SCV  
  86  6:07  Barracks, Marine x2  
  86  6:09  Barracks  
  86  6:10  SCV, Orbital Command  
  90  6:14  Marine  
  90  6:16  SCV  
  90  6:17  Marine  
  89  6:21  Marine  
  89  6:22  SCV, Siege Tank  
  89  6:25  Marine  
  94  6:26  Medivac  
  94  6:27  Supply Depot, Medivac  
  94  6:28  SCV, Marine  
  94  6:32  Marine  
  101  6:39  Combat Shield  
  101  6:48  Supply Depot  
  101  6:49  SCV x3, Marine x4  
  101  6:50  Supply Depot  
  106  6:56  Barracks Reactor x2  
  106  7:00  Supply Depot  
  106  7:01  SCV x3  
  106  7:04  Marine  
  106  7:07  Marine  
  109  7:10  Siege Tank, Medivac  
  109  7:11  Marine x2  
  109  7:12  Supply Depot  
  109  7:13  SCV x3  
  109  7:15  Medivac  
  121  7:21  Marine  
  121  7:22  Supply Depot, Refinery  
  123  7:23  Supply Depot  
  123  7:25  SCV x2  
  123  7:28  Refinery, Factory  
  124  7:31  Marine  
  124  7:32  Supply Depot  
  124  7:34  Marine x3  
  124  7:35  Marine  
  124  7:36  Supply Depot, Marine  
  130  7:38  Marine  
  130  7:42  Armory  
  131  7:48  Siege Tank  
  131  7:50  Marine  
  128  7:54  SCV x3  
  128  7:55  Marine  
  119  7:58  Marine  
  119  8:00  Marine  
  119  8:01  Marine x2  
  119  8:03  Marine  
  122  8:06  SCV x3  
  122  8:07  Marine x2  
  122  8:09  Marine  
  122  8:12  Marine  
  122  8:16  Marine  
  122  8:17  Factory Tech Lab  
  122  8:18  SCV x2, Marine  
  126  8:20  Widow Mine  
  126  8:21  Marine  
  126  8:23  Marine  
  129  8:30  Marine  
  129  8:32  Command Center  
  107  8:36  SCV x2, Marine x2  
Tags
 
Add a new tag
Caveats
  • Supply blocks, unpowered buildings, or Contaminate may cause inaccurate times.
  • Supply counts are checked every 10 seconds.